 Dungeon Crawl Stone Soup version 0.16-a0-119-gc74d62a (webtiles) character file.

151 Ololoev the Chucker (level 5, -7/50 HPs)
             Began as an Ogre Hunter on Aug 12, 2014.
             Mangled by an ogre
             ... wielding a +0 giant club
              (20 damage)
             ... on Level 4 of the Dungeon.
             The game lasted 00:09:07 (3949 turns).

Ololoev the Chucker (Ogre Hunter)                   Turns: 3949, Time: 00:09:07

HP  -7/50        AC  5     Str 18      XL: 5   Next: 33%
MP   5/5         EV 10     Int 10      God:
Gold 127         SH  0     Dex 10      Spells:  0 memorised,  4 levels left

rFire  . . .     SeeInvis +     r - +0 whip
rCold  . . .     Clarity  .     d - +0 animal skin
rNeg   . . .     rCorr    .     (shield restricted)
rPois  .         rRot     .     (helmet restricted)
rElec  .         Spirit   .     g - +1 cloak
SustAb .         Warding  .     (gloves unavailable)
rMut   .         Stasis   .     (boots unavailable)
Gourm  .                        (no amulet)
MR     .....                    (no ring)
                                e - ring of see invisible

@: not resistant to hostile enchantments, very unstealthy
A: unfitting armour, tough skin 1
a: no special abilities


You were on level 4 of the Dungeon.
You were not hungry.

You visited 1 branch of the dungeon, and saw 4 of its levels.

You collected 127 gold pieces.

Inventory:

Hand weapons
 r - a +0 whip (weapon)
Missiles
 b - 3 large rocks (quivered)
 c - 2 throwing nets
Armour
 d - a +0 animal skin (worn)
 g - a +1 cloak (worn)
Comestibles
 f - a meat ration
 l - a bread ration
Scrolls
 k - 2 scrolls of remove curse
Jewellery
 e - a ring of see invisible (left hand)
Potions
 n - a potion of cancellation


   Skills:
 - Level 2.6 Fighting
 * Level 3.4 Maces & Flails
 * Level 6.5 Throwing
 - Level 1.7 Dodging
 - Level 0.7 Stealth


You had 4 spell levels left.
You didn't know any spells.

Dungeon Overview and Level Annotations

Branches:
Dungeon (4/15)
 Temple: D:4-7

Altars:
Ashenzari
Makhleb

Annotations:
D:2 Jessica
D:4 Pikel


Innate Abilities, Weirdness & Mutations

You are too large for most types of armour.
You have tough skin (AC +1).


Message History

The ogre barely misses you.
You barely miss the ogre.
The ogre is lightly wounded.
The ogre hits you with a giant club!
You barely miss the ogre.
The ogre is lightly wounded.
Throwing (i - inventory. (,) - cycle):
b - 5 large rocks (quivered)
Press: ? - help, Shift-Dir - straight line, f - ogre
Aim: an ogre, wielding a giant club (lightly wounded)
You throw a large rock. The large rock hits the ogre!!
The ogre is almost dead.
The ogre hits you with a giant club!!
Ouch! That really hurt!
* * * LOW HITPOINT WARNING * * *
Throwing (i - inventory. (,) - cycle):
b - 4 large rocks (quivered)
Press: ? - help, Shift-Dir - straight line, f/p - ogre
Aim: an ogre, wielding a giant club (almost dead)
You throw a large rock. The large rock barely misses the ogre.
The ogre hits you with a giant club!!
You die...

. . #. .# #.#. #.(.
#... #..#####
#..#...#
.####.#.O#.#.####.
........@..........
#####.#.##.#.####.
#.##.#.####
#.#<......#
#.####.#### .. ...
## ##. #


You could see an ogre.

Vanquished Creatures
  A slave (D:3)
  Terence (D:3)
  3 gnolls (D:3)
  3 adders (D:3)
  2 giant mites (D:3)
  A worm (D:2)
  2 giant geckos (D:1)
  An ooze (D:2)
  4 orcs (D:3)
  4 giant cockroaches
  6 goblins
  3 hobgoblins
  6 jackals
  5 bats
  2 giant newts
  7 kobolds
  8 rats
59 creatures vanquished.

Notes
Turn   | Place    | Note
--------------------------------------------------------------
     0 | D:1      | Ololoev, the Ogre Hunter, began the quest for the Orb.
     0 | D:1      | Reached XP level 1. HP: 22/22 MP: 1/1
   298 | D:1      | Reached XP level 2. HP: 27/29 MP: 2/2
  1049 | D:1      | Reached skill level 5 in Throwing
  1049 | D:1      | Reached XP level 3. HP: 21/36 MP: 3/3
  1477 | D:2      | Found a shattered altar of Ashenzari.
  2013 | D:2      | Noticed Jessica
  2301 | D:3      | Reached XP level 4. HP: 44/44 MP: 4/4
  2517 | D:3      | Found a burning altar of Makhleb.
  2546 | D:3      | Reached skill level 6 in Throwing
  2862 | D:3      | Reached XP level 5. HP: 50/50 MP: 5/5
  2959 | D:3      | Noticed Terence
  2963 | D:3      | Killed Terence
  3445 | D:4      | Noticed a slave
  3445 | D:4      | Noticed a slave
  3448 | D:4      | Noticed Pikel
  3449 | D:4      | Noticed a slave
  3450 | D:4      | Noticed a slave
  3670 | D:3      | Killed a slave
  3943 | D:4      | Noticed an ogre
  3949 | D:4      | Mangled by an ogre

Action                   |  1- 3 |  4- 6 || total
-------------------------+-------+-------++-------
Melee: Club              |    96 |       ||    96
       Dagger            |    44 |    20 ||    64
       Whip              |       |   118 ||   118
Throw: Large rock        |     1 |    20 ||    21
       Throwing net      |       |     4 ||     4
  Use: Scroll            |       |     7 ||     7
       Potion            |       |     4 ||     4
 Stab: Invisible         |       |     3 ||     3
  Eat: Chunk             |     4 |     3 ||     7
       Meat ration       |       |     1 ||     1
